 Dungeon Crawl Stone Soup version 0.31.0-11-ge490571c62 (webtiles) character file.

Game seed: 685887836482343885

5 Minsecho the Conjurer (level 1, -1/12 HPs)
             Began as a Tengu Reaver on Feb 11, 2024.
             Slain by a quokka (4 damage)
             ... on level 1 of the Dungeon.
             The game lasted 00:00:24 (256 turns).

Minsecho the Conjurer (Tengu Reaver)                 Turns: 256, Time: 00:00:24

Health: -1/12      AC:  3    Str: 12    XL:     1   Next: 80%
Magic:  4/4        EV: 11    Int: 13    God:
Gold:   9          SH:  0    Dex: 12    Spells: 3/4 levels left

rFire   . . .        a - +0 falchion
rCold   . . .        (no shield)
rNeg    . . .        b - +0 leather armour
rPois   .            (helmet restricted)
rElec   .            (no cloak)
rCorr   .            (no gloves)
SInv    .            (boots unavailable)
Will    .....        (no amulet)
Stlth   +            d - ring of flight
HPRegen 0.22/turn    (no ring)
MPRegen 0.09/turn

%: acrobat
@: flying
A: beak, talons 3, acrobatic
a: no special abilities


You were on level 1 of the Dungeon.
You visited 1 branch of the dungeon, and saw 1 of its levels.

You collected 9 gold pieces.

Inventory:

Hand Weapons
 a - a +0 falchion (weapon)
Armour
 b - a +0 leather armour (worn)
Jewellery
 d - a ring of flight (left hand)
Scrolls
 c - 2 scrolls of identify {unknown}


   Skills:
 * Level 2.1 Fighting
 + Level 3.4 Long Blades
 + Level 2.2 Dodging
 + Level 2.0 Spellcasting
 + Level 4.1 Conjurations


You had 3 spell levels left.
You knew the following spells:

 Your Spells              Type           Power      Damage    Failure   Level
a - Kiss of Death         Conj/Necr      24%        2d7       14%         1

Your spell library contained the following spells:

 Spells                   Type           Power      Damage    Failure   Level
 Momentum Strike          Conj/Tloc      12%        3d8       21%         2
 Hailstorm                Conj/Ice       6%         3d5       38%         3
 Jinxbite                 Hex            2%         N/A       43%         2
 Tukima's Dance           Hex            1%         N/A       67%         3
 Iskenderun's Mystic Bla  Conj/Tloc      6%         2d4       80%         4
 Dimensional Bullseye     Hex/Tloc       0%         N/A       97%         4
 Summon Lightning Spire   Summ/Air       1%         N/A       97%         4
 Haunt                    Necr/Summ      0%         N/A       100%        7
 Spellforged Servitor     Conj/Summ      3%         N/A       100%        7


Dungeon Overview and Level Annotations

Branches:
Dungeon (1/15)

Altars:


Innate Abilities, Weirdness & Mutations

You have a beak for a mouth.
You have claws for feet.
You can magically evade attacks while moving or waiting.


Message History

Found a stone staircase leading down.
The dart slug completely misses you.
The rat squeaks loudly.
You hit the dart slug.
The dart slug is lightly wounded.
You hit the dart slug. You claw the dart slug.
You kill the dart slug!
The rat completely misses you.
You hit the rat.
You kill the rat!
No target in view!
You pick up the Tome of Obstruction and Production and begin reading...
It was the Tome of Obstruction and Production.
You add the spells Jinxbite, Summon Lightning Spire, Spellforged Servitor and Haunt to your library.
d - a ring of flight You fly up into the air.
d - a ring of flight (left hand)
Found a leather armour.
You see here a +0 leather armour.
Found a mace.
You see here a +0 mace.
c - 2 scrolls labelled BOLEELA GELLOM (gained 1)
You see here a rat corpse.
Found a scale mail.
You see here a +0 scale mail.
You now have 9 gold pieces.
A kobold comes into view. It is wielding a +0 short sword.
The kobold shouts!
A quokka comes into view.
The kobold hits you with a +0 short sword.
You barely miss the kobold.
The kobold hits you with a +0 short sword.
You are too injured to fight recklessly!
You are too injured to fight recklessly!
You barely miss the kobold. Your kick misses the kobold.
The kobold hits you with a +0 short sword.
* * * LOW HITPOINT WARNING * * *
You hit the kobold.
You kill the kobold!
The quokka bites you.
You die...

#.# #..##..# #.#
##..#..#
#.#########...####
#.................
#............>....
#.................
#............#####
#.############ #@#
#r# #..........#
#............#
#............#
#............#
#..........^.#
######+#.....#
######


You could see a quokka.

Vanquished Creatures
  A dart slug (D:1)
  A kobold (D:1)
  A quokka (D:1)
  2 rats (D:1)
5 creatures vanquished.

Notes
Turn   | Place    | Note
-------+----------+-------------------------------------------
     0 | D:1      | Minsecho the Tengu Reaver began the quest for the Orb.
     0 | D:1      | Reached XP level 1. HP: 12/12 MP: 4/4
    65 | D:1      | Got the Tome of Obstruction and Production
   256 | D:1      | Slain by a quokka

Illustrated notes

Levels and vault maps discovered:
D:1:      minmay_arrival_glassed_features, layout_basic

Action                     || total
---------------------------++-------
  Melee: Falchion          ||     8
         Kick              ||     2
 Armour: Leather armour    ||     4
  Dodge: Dodged            ||     3
